 Dungeon Crawl Stone Soup version 0.31-a0-640-g39d97e502b (webtiles) character file.

Game seed: 11594663671759421367

74 qw the Shooter (level 4, -2/28 HPs)
             Began as a Gargoyle Hunter on Aug 27, 2023.
             Slain by a gnoll
             ... wielding a +0 halberd
              (9 damage)
             ... on level 2 of the Dungeon.
             The game lasted 00:00:26 (814 turns).

qw the Shooter (Gargoyle Hunter)                     Turns: 814, Time: 00:00:26

Health: -2/28      AC:  6    Str: 14    XL:     4   Next: 30%
Magic:  4/4        EV:  6    Int: 10    God:
Gold:   34         SH:  0    Dex: 15    Spells: 3/3 levels left

rFire   . . .        Y - +0 shortbow
rCold   . . .        (shield currently unavailable)
rNeg    + . .        c - +0 leather armour
rPois   inf          (no helmet)
rElec   +            (no cloak)
rCorr   .            (no gloves)
SInv    .            (no boots)
Will    .....        (no amulet)
Stlth   ++           (no ring)
HPRegen 0.24/turn    (no ring)
MPRegen 0.09/turn

%: no passive effects
@: held
A: sickness immunity, AC +3, negative energy resistance 1, electricity
resistance, torment resistance 1, petrification resistance
a: no special abilities


You were on level 2 of the Dungeon.
You visited 1 branch of the dungeon, and saw 2 of its levels.

You collected 34 gold pieces.


Innate Abilities, Weirdness & Mutations

You are immune to sickness and miasma.
Your stone body is resilient. (AC +3)
You are immune to poison.
You resist negative energy. (rN+)
You are resistant to electric shocks. (rElec)
You are resistant to unholy torment.
You are immune to petrification.


   Skills:
 - Level 3.0 Fighting
 + Level 5.3 Ranged Weapons
 - Level 1.5 Dodging
 - Level 1.1 Stealth


You had 3 spell levels left.
You didn't know any spells.
Your spell library was empty.

Inventory:

Hand Weapons
 Y - a +0 shortbow (weapon)
Armour
 c - a +0 leather armour (worn)
Jewellery
 d - a ring of ice
Potions
 f - a potion of curing {unknown}
 h - a potion of haste {unknown}

Dungeon Overview and Level Annotations

Branches:
Dungeon (2/15)

Altars:


Message History

The gnoll barely misses you.
You shoot an arrow. The gnoll shouts!
The arrow hits the gnoll.
You kill the gnoll!
You have reached level 4!
You feel clever.
You shoot an arrow. The arrow hits the gnoll.
The gnoll is heavily wounded.
You shoot an arrow. The arrow hits the gnoll.
The gnoll is heavily wounded.
You shoot an arrow. The arrow hits the gnoll.
The gnoll is almost dead.
You shoot an arrow. The arrow hits the gnoll.
You kill the gnoll!
You shoot an arrow.
The arrow hits the gnoll but does no damage.
A gnoll comes into view. It is wielding a +0 halberd.
You shoot an arrow. The arrow hits the gnoll.
The gnoll is lightly wounded.
You shoot an arrow.
The arrow hits the gnoll but does no damage.
The gnoll is lightly wounded.
You shoot an arrow. The arrow hits the gnoll.
The gnoll is moderately wounded.
The gnoll hits you but does no damage.
You shoot an arrow. The arrow closely misses the gnoll.
The gnoll closely misses you.
You shoot an arrow. The arrow hits the gnoll.
The gnoll is moderately wounded.
The gnoll hits you with a +0 club. x2; The gnoll misses you.
You shoot an arrow. The arrow closely misses the gnoll.
The gnoll hits you with a +0 club.
The gnoll throws a throwing net.
The throwing net hits you.
You become entangled in the net!
You struggle against the net.
The gnoll hits you with a +0 club.
The gnoll hits you from afar with a +0 halberd!
You struggle against the net.
The gnoll hits you but does no damage.
The gnoll hits you from afar with a +0 halberd!
You die...

#....... #......#
# #......# !+
#......## ..#
#.......###...#
#..............
#.....%...)....
#....<.@.g>....
#......g.......
#..............##
###..........#.#
#.............#
#....#....)...#
+.............#
#.....#.......#
#..... .......


You could see 2 gnolls.

Vanquished Creatures
  3 gnolls
  7 bats
  2 endoplasms (D:1)
  2 giant cockroaches (D:1)
  3 goblins
  6 hobgoblins (D:1)
  7 jackals (D:1)
  5 ball pythons (D:1)
  A frilled lizard (D:1)
  2 kobolds (D:1)
  5 rats
43 creatures vanquished.

Notes
Turn   | Place    | Note
-------+----------+-------------------------------------------
     0 | D:1      | qw the Gargoyle Hunter began the quest for the Orb.
     0 | D:1      | Reached XP level 1. HP: 12/12 MP: 1/1
     0 | D:1      | 0 ||| qw: Version: 0.3-a-74-g0d5e918
     0 | D:1      | 0 ||| qw: Game counter: 41
     0 | D:1      | 0 ||| qw: Melee chars always use a shield: true
     0 | D:1      | 0 ||| qw: God list: Okawaru
     0 | D:1      | 0 ||| qw: Allow faded altars: false
     0 | D:1      | 0 ||| qw: Do Orc after clearing Dungeon:15 true
     0 | D:1      | 0 ||| qw: Do second Lair branch before Depths: true
     0 | D:1      | 0 ||| qw: Lair rune preference: random
     0 | D:1      | 0 ||| qw: Goals: Normal
     0 | D:1      | 0 ||| PLANNING D:1-11
    52 | D:1      | Reached XP level 2. HP: 16/17 MP: 2/2
   258 | D:1      | Found a faded altar of an unknown god.
   271 | D:1      | Reached XP level 3. HP: 21/21 MP: 3/3
   311 | D:1      | Reached skill level 5 in Ranged Weapons
   616 | D:1      | Reached skill level 3 in Fighting
   743 | D:1      | 743 ||| READING scroll labelled ORELEUTZYW.
   744 | D:1      | 744 ||| READING scroll labelled PAISER POONK.
   748 | D:1      | 748 ||| READING scroll labelled RUYVUYMEST.
   749 | D:1      | 749 ||| DROPPING scroll of butterflies.
   802 | D:2      | Reached XP level 4. HP: 28/28 MP: 4/4
   813 | D:2      | HP: 7/28 [gnoll/+0 halberd (10)]
   814 | D:2      | Slain by a gnoll

Levels and vault maps discovered:
D:1:      amcnicky_arrival_blooded_trapdoor, layout_loops_ring,
          shapermc_ecumenical_altar_venn, minmay_curled_crystal, minmay_tall_x
D:2:      layout_basic, basic_altar, serial_shops, shop, minivault_14,
          minmay_strange_pillars

Skill      XL: |  1  2  3 |
---------------+----------+-----
Ranged Weapons | 5 |  5.3
Fighting       | 3 |  3.0
Dodging        | |  1.5
Stealth        | |  1.1

Action                     |  1- 3 |  4- 6 || total
---------------------------+-------+-------++-------
   Fire: Shortbow          |   118 |    11 ||   129
    Use: Scroll            |     3 |       ||     3
 Armour: Leather armour    |    24 |     2 ||    26
  Dodge: Dodged            |    43 |     2 ||    45

Table legend:
 A = Non-vault XP
 B = Vault XP
 C = Vault XP percentage of total XP
 D = Non-vault monster count
 E = Vault monster count
 F = Vault count percentage of total count
                 A         B        C        D         E       F
            +---------+---------+-------+---------+---------+-------
      Total |     100 |       7 |   6.5 |      39 |       4 |   9.3
            +---------+---------+-------+---------+---------+-------
        D:1 |      67 |       7 |   9.5 |      33 |       4 |  10.8
        D:2 |      33 |       0 |   0.0 |       6 |       0 |   0.0
            +---------+---------+-------+---------+---------+-------
